 Dungeon Crawl Stone Soup version 0.31-a0-303-gdc8c9485ea (webtiles) character file.

Game seed: 13713766996986378852

7029 zazu2006 the Ducker (level 11, -1/83 HPs)
             Began as a Gnoll Wanderer on July 16, 2023.
             Was a Follower of Vehumet.
             Slain by an elephant (3 damage)
             ... on level 1 of the Lair of Beasts.
             The game lasted 00:32:08 (12568 turns).

zazu2006 the Ducker (Gnoll Wanderer)               Turns: 12568, Time: 00:32:09

Health: -1/83      AC: 14    Str: 18    XL:     11   Next: 8%
Magic:  16/21      EV: 16    Int: 11    God:    Vehumet [*.....]
Gold:   531        SH:  0    Dex: 16    Spells: 15/23 levels left

rFire   . . .        K - +4 mace
rCold   . . .        (no shield)
rNeg    + . .        t - +0 steam dragon scales
rPois   .            S - +1 helmet
rElec   .            E - +0 cloak
rCorr   .            z - +2 pair of gloves
SInv    .            d - +0 pair of boots
Will    .....        (no amulet)
Stlth   +++          J - +6 ring of strength
HPRegen 0.33/turn    g - ring of positive energy
MPRegen 0.17/turn

%: no passive effects
@: no status effects
A: fangs 1, strong nose, distributed training
a: Renounce Religion


You were on level 1 of the Lair of Beasts.
You worshipped Vehumet.
Vehumet was aware of your devotion.
You visited 3 branches of the dungeon, and saw 11 of its levels.
You also visited: Sewer.

You collected 531 gold pieces.

Inventory:

Hand Weapons
 K - a +4 mace (weapon)
 O - a +1 short sword of venom
Missiles
 p - 10 javelins (quivered)
Armour
 d - a +0 pair of boots (worn)
 t - +0 steam dragon scales (worn)
 z - a +2 pair of gloves (worn)
 D - the +3 leather armour "Gesepsos" {rC+}
   (You found it on level 6 of the Dungeon)

   rC:        It protects you from cold.
 E - a +0 cloak (worn)
 G - a +0 leather armour of fire resistance
 S - a +1 helmet (worn)
Jewellery
 g - a ring of positive energy (right hand)
 J - a +6 ring of strength (left hand)
 L - a ring of see invisible
Wands
 k - a wand of polymorph (24)
 q - a wand of mindburst (6)
 y - a wand of charming (6)
 M - a wand of roots (4)
 N - a wand of flame (29)
 U - a wand of quicksilver (6)
Scrolls
 b - 5 scrolls of vulnerability
 h - a scroll of fog {unknown}
 i - 2 scrolls of immolation {unknown}
 j - a scroll of silence {unknown}
 n - a scroll of fear
 s - 3 scrolls of teleportation
 u - a scroll of blinking {unknown}
 v - a scroll of poison {unknown}
 w - a scroll of summoning {unknown}
 C - 2 scrolls of amnesia {unknown}
 Q - a scroll of enchant armour {unknown}
 R - a scroll of enchant weapon {unknown}
Potions
 a - 2 potions of berserk rage {unknown}
 c - 4 potions of attraction
 e - 5 potions of curing
 f - 5 potions of might
 m - 2 potions of magic
 o - a potion of heal wounds
 r - 3 potions of haste {unknown}
 H - a potion of invisibility
 I - a potion of enlightenment {unknown}
 P - a potion of lignification {unknown}
Miscellaneous
 T - a phial of floods (inert)


   Skills:
 + Level 6.6 Fighting
 + Level 6.0 Short Blades
 + Level 6.0 Long Blades
 + Level 6.0 Axes
 + Level 6.0 Maces & Flails
 + Level 6.0 Polearms
 + Level 6.0 Staves
 + Level 6.0 Ranged Weapons
 + Level 6.6 Throwing
 + Level 6.6 Armour
 + Level 7.7 Dodging
 + Level 6.0 Stealth
 + Level 6.0 Shields
 + Level 6.0 Unarmed Combat
 + Level 6.7 Spellcasting
 + Level 7.5 Conjurations
 + Level 5.0 Hexes
 + Level 5.0 Summonings
 + Level 5.0 Necromancy
 + Level 5.0 Translocations
 + Level 5.0 Transmutations
 + Level 5.0 Fire Magic
 + Level 5.0 Ice Magic
 + Level 5.0 Air Magic
 + Level 5.0 Earth Magic
 + Level 5.0 Poison Magic
 + Level 6.6 Invocations
 + Level 6.6 Evocations
 + Level 5.0 Shapeshifting


You had 15 spell levels left.
You knew the following spells:

 Your Spells              Type           Power      Damage    Failure   Level
a - Shock                 Conj/Air       68%        1d7       1%          1
b - Dazzling Flash        Conj/Hex       34%        N/A       4%          3
c - Sticky Flame          Conj/Fire      17%        2d4       14%         4

Your spell library contained the following spells:

 Spells                   Type           Power      Damage    Failure   Level
 Foxfire                  Conj/Fire      68%        2x1d7     1%          1
 Sublimation of Blood     Necr           14%        N/A       3%          2
 Wereblood                Tmut           14%        N/A       3%          2
 Summon Hydra             Summ           7%         N/A       100%        7


Dungeon Overview and Level Annotations

Branches:
Dungeon (9/15)             Temple (1/1) D:6            Lair (1/5) D:8
  Sewer (visited)
    Orc: D:9-12

Altars:
Ashenzari
Cheibriados
Dithmenos
Elyvilon
Fedhas
Gozag
Hepliaklqana
Kikubaaqudgha
Makhleb
Nemelex Xobeh
Okawaru
Qazlal
Ru
Sif Muna
Trog
Uskayaw
Vehumet
Wu Jian
Xom
Yredelemnul
Zin
The Shining One

Shops:
D:1 (

Annotations:
D:9 3 runed translucent doors, puppykicker's ghost, journeyman DEHs


Innate Abilities, Weirdness & Mutations

You have very sharp teeth.
Your uncanny sense of smell can sniff out nearby items.
Your experience applies equally to all skills.


Message History

Press: ? - help, Dir - look around, f - activate The elephant is dazzled.
The elephant completely misses you. The elephant barely misses you.
Unknown command.
The elephant trumpets!
The elephant barely misses you. x2
The elephant closely misses you. x2
The elephant attacks as you move away! The elephant tramples you.
The elephant trunk-slaps you. The elephant attacks as you move away!
The elephant completely misses you. The elephant misses you.
Casting: Dazzling Flash (mildly dangerous; 4% risk of failure)
Confirm with . or Enter, or press ? or * to list all spells.
Casting: Dazzling Flash (mildly dangerous; 4% risk of failure)
Press: ? - help, Dir - look around, f - activate The elephant barely misses you.
The elephant trunk-slaps you.
Unknown command.
The elephant attacks as you move away! The elephant tramples you.
* * * LOW HITPOINT WARNING * * *
The elephant trunk-slaps you but does no damage.
The elephant misses you.
The elephant trunk-slaps you but does no damage.
The elephant attacks as you move away!
The elephant tramples you but does no damage.
The elephant misses you. The elephant attacks as you move away!
The elephant tramples you!
* * * LOW HITPOINT WARNING * * *
The elephant completely misses you.
Casting: Dazzling Flash (mildly dangerous; 4% risk of failure)
Confirm with . or Enter, or press ? or * to list all spells.
Casting: Dazzling Flash (mildly dangerous; 4% risk of failure)
Press: ? - help, Dir - look around, f - activate
Okay, then.
The elephant attacks as you move away! The elephant closely misses you. x2
There is a staircase back to the Dungeon, spattered with blood here.
The elephant attacks as you move away! The elephant tramples you.
* * * LOW HITPOINT WARNING * * *
The elephant trunk-slaps you but does no damage.
The elephant attacks as you move away! The elephant tramples you.
You die...

............Y..............##
...####..#######..###......##
..## #...# #### ##......# ..#
#...## #.....## ..# #....#
#.....## ..# ##..## ##Y.....#
..#####..## ##### #......##
.........Y###P#Y######.....##
.............Y.Y@)..........#
...............![[.........##
###.#P##.....###...........#
# ######....###...###......#
# #....# ##.## #......# #
#....# #.# #......## # #....#
#.# #......P# ##### #....#
#.# #...>...# ..#.####....#
#.. #......##


You could see 4 elephants.

Vanquished Creatures
  A cane toad (Lair:1)
  Maggie (D:8)
  An unseen horror (D:9)
  A kobold demonologist (D:9)
  Prince Ribbit (D:6)
  3 wyverns
  5 yaks
  A basilisk (Lair:1)
  Eustachio (D:6)
  4 steam dragons
  2 water moccasins (Lair:1)
  2 orc warriors
  A sky beast (D:7)
  An ice beast (D:4)
  A black bear (D:3)
  3 ogres
  3 centaurs (D:9)
  A phantom (D:7)
  5 kobold brigands
  7 bullfrogs
  A gnoll sergeant (D:7)
  3 scorpions (D:6)
  8 wights
  4 killer bees (D:9)
  A crimson imp (D:6)
  A gnoll bouda (D:7)
  A hound (D:6)
  6 orc priests
  3 iguanas
  12 orc wizards
  3 gnolls (D:5)
  10 adders
  3 river rats (Sewer)
  3 worms
  4 dart slugs
  32 orcs
  4 ball pythons
  9 endoplasms
  5 giant cockroaches
  7 goblins
  5 hobgoblins
  8 jackals
  8 quokkas
  4 bats
  9 frilled lizards
  11 kobolds
  11 rats
221 creatures vanquished.

Vanquished Creatures (others)
  2 orcs (D:8)
2 creatures vanquished.

Grand Total: 223 creatures vanquished

Notes
Turn   | Place    | Note
-------+----------+-------------------------------------------
     0 | D:1      | zazu2006 the Gnoll Wanderer began the quest for the Orb.
     0 | D:1      | zazu2006 set off with the following items: a +0 dagger, a
                  | scroll of vulnerability, a potion of attraction, a +0 robe,
                  | a potion of curing; and the following spell memorised:
                  | Shock; and the following spells available to memorise:
                  | Dazzling Flash, Sticky Flame.
     0 | D:1      | Reached XP level 1. HP: 17/17 MP: 4/4
    55 | D:1      | Found Bucirifi's Weapon Emporium.
   354 | D:1      | Reached XP level 2. HP: 23/23 MP: 3/5
  1036 | D:2      | Reached XP level 3. HP: 20/28 MP: 1/7
  1116 | D:2      | Reached skill level 1 in Invocations
  1475 | D:2      | Reached skill level 1 in Short Blades
  1475 | D:2      | Reached skill level 1 in Long Blades
  1475 | D:2      | Reached skill level 1 in Axes
  1475 | D:2      | Reached skill level 1 in Maces & Flails
  1475 | D:2      | Reached skill level 1 in Polearms
  1475 | D:2      | Reached skill level 1 in Staves
  1475 | D:2      | Reached skill level 1 in Ranged Weapons
  1475 | D:2      | Reached skill level 1 in Stealth
  1475 | D:2      | Reached skill level 1 in Shields
  1475 | D:2      | Reached skill level 1 in Unarmed Combat
  1858 | D:3      | Reached XP level 4. HP: 34/34 MP: 4/8
  1864 | D:3      | Reached skill level 1 in Hexes
  1864 | D:3      | Reached skill level 1 in Summonings
  1864 | D:3      | Reached skill level 1 in Necromancy
  1864 | D:3      | Reached skill level 1 in Translocations
  1864 | D:3      | Reached skill level 1 in Transmutations
  1864 | D:3      | Reached skill level 1 in Fire Magic
  1864 | D:3      | Reached skill level 1 in Ice Magic
  1864 | D:3      | Reached skill level 1 in Air Magic
  1864 | D:3      | Reached skill level 1 in Earth Magic
  1864 | D:3      | Reached skill level 1 in Poison Magic
  1864 | D:3      | Reached skill level 1 in Shapeshifting
  2179 | D:3      | Noticed a black bear
  2200 | D:3      | Learned a level 3 spell: Dazzling Flash
  2266 | D:3      | Killed a black bear
  2267 | D:3      | Reached XP level 5. HP: 10/41 MP: 3/9
  2909 | D:4      | Reached XP level 6. HP: 28/47 MP: 7/11
  3019 | D:4      | Found a glowing drain.
  3036 | Sewer    | Entered a sewer
  3126 | Sewer    | Reached skill level 5 in Dodging
  3984 | D:4      | Reached XP level 7. HP: 32/52 MP: 6/12
  5001 | D:5      | Entered Level 5 of the Dungeon
  5614 | D:6      | Found a snail-covered altar of Cheibriados.
  5723 | D:6      | Identified the +3 leather armour "Gesepsos" {rC+}
  5755 | D:6      | Found a staircase to the Ecumenical Temple.
  5766 | Temple   | Entered the Ecumenical Temple
  6013 | D:6      | Noticed Eustachio
  6118 | D:6      | Killed Eustachio
  6119 | D:6      | Reached XP level 8. HP: 43/60 MP: 9/14
  6191 | D:6      | Noticed Prince Ribbit
  6218 | D:6      | Killed Prince Ribbit
  6474 | D:6      | Found a sacrificial altar of Ru.
  6645 | D:6      | Found a burning altar of Makhleb.
  7329 | D:7      | Reached XP level 9. HP: 58/66 MP: 5/16
  7625 | D:7      | Reached skill level 5 in Spellcasting
  7635 | D:7      | Found a hide-covered altar of Uskayaw.
  7678 | D:7      | Found a bloodstained altar of Trog.
  7828 | D:7      | Reached skill level 5 in Fighting
  7828 | D:7      | Reached skill level 5 in Throwing
  7828 | D:7      | Reached skill level 5 in Armour
  7828 | D:7      | Reached skill level 5 in Evocations
  8096 | D:7      | Found an opulent altar of Gozag.
  8478 | D:8      | Found a staircase to the Lair.
  8569 | D:8      | Found a broken altar of Ashenzari.
  8573 | D:8      | Saw a vision of the Shoals and the Snake Pit.
  8573 | D:8      | Noticed a kraken
  8573 | D:8      | Noticed a water nymph
  8573 | D:8      | Noticed a cyclops
  8573 | D:8      | Noticed a manticore
  8573 | D:8      | Noticed a manticore
  8573 | D:8      | Noticed a merfolk
  8573 | D:8      | Noticed a naga sharpshooter
  8573 | D:8      | Noticed a naga sharpshooter
  8574 | D:8      | Noticed a merfolk aquamancer
  8574 | D:8      | Noticed a naga warrior
  8574 | D:8      | Noticed an anaconda
  8574 | D:8      | Noticed a skyshark
  8574 | D:8      | Noticed a merfolk
  8575 | D:8      | Noticed a merfolk
  8575 | D:8      | Noticed a shock serpent
  8576 | D:8      | Noticed a naga sharpshooter
  8576 | D:8      | Noticed a mana viper
  8698 | D:8      | Reached skill level 5 in Invocations
  8972 | D:8      | Found an iron altar of Okawaru.
  8977 | D:8      | Noticed Maggie
  9054 | D:7      | Learned a level 4 spell: Sticky Flame
  9388 | D:8      | Reached XP level 10. HP: 64/75 MP: 18/18
  9724 | D:7      | Reached skill level 5 in Short Blades
  9724 | D:7      | Reached skill level 5 in Long Blades
  9724 | D:7      | Reached skill level 5 in Axes
  9724 | D:7      | Reached skill level 5 in Maces & Flails
  9724 | D:7      | Reached skill level 5 in Polearms
  9724 | D:7      | Reached skill level 5 in Staves
  9724 | D:7      | Reached skill level 5 in Ranged Weapons
  9724 | D:7      | Reached skill level 5 in Stealth
  9724 | D:7      | Reached skill level 5 in Shields
  9724 | D:7      | Reached skill level 5 in Unarmed Combat
  9909 | D:8      | Killed Maggie
 10038 | D:8      | Found a radiant altar of Vehumet.
 10046 | D:8      | Became a worshipper of Vehumet
 10331 | D:9      | Found a runed translucent gate.
 10331 | D:9      | Found a runed translucent gate.
 10332 | D:9      | Found a runed translucent gate.
 10612 | D:9      | Noticed a kobold demonologist
 10622 | D:9      | Found a hazy altar of Hepliaklqana.
 11246 | D:9      | Noticed an orange demon
 11250 | D:9      | Noticed a sixfirhy
 11253 | D:9      | Killed a kobold demonologist
 11261 | D:9      | Killed an unseen horror
 11453 | D:9      | Noticed puppykicker's ghost (journeyman DEHs)
 11523 | D:9      | Reached * piety under Vehumet
 11523 | D:9      | Offered knowledge of Foxfire by Vehumet.
 11779 | Lair:1   | Entered Level 1 of the Lair of Beasts
 11841 | Lair:1   | Noticed a cane toad
 11855 | Lair:1   | Killed a cane toad
 11856 | Lair:1   | Reached XP level 11. HP: 8/83 MP: 20/20
 12155 | Lair:1   | Reached skill level 5 in Hexes
 12155 | Lair:1   | Reached skill level 5 in Summonings
 12155 | Lair:1   | Reached skill level 5 in Necromancy
 12155 | Lair:1   | Reached skill level 5 in Translocations
 12155 | Lair:1   | Reached skill level 5 in Transmutations
 12155 | Lair:1   | Reached skill level 5 in Fire Magic
 12155 | Lair:1   | Reached skill level 5 in Ice Magic
 12155 | Lair:1   | Reached skill level 5 in Air Magic
 12155 | Lair:1   | Reached skill level 5 in Earth Magic
 12155 | Lair:1   | Reached skill level 5 in Poison Magic
 12155 | Lair:1   | Reached skill level 5 in Shapeshifting
 12568 | Lair:1   | HP: 2/83 [elephant (6)]
 12568 | Lair:1   | Slain by an elephant

Illustrated notes

Levels and vault maps discovered:
D:1:      minmay_arrival_statue_studded, layout_loops_ring, serial_shops,
          nicolae_shop_bloodbath_and_beyond
D:2:      layout_rooms, kennysheep_generic_room_2
D:3:      layout_basic, grunt_decor_junction
D:4:      layout_gridville, gup_sewer_entry_pipe
D:5:      layout_cave_pools, minmay_misc_feat_columns
D:6:      layout_loops_ring, nicolae_ru_great_annihilating_truth,
          makhleb_grotto_becter, mainiacjoe_overflow_paths,
          minmay_temple_entry_glass, serial_park_tiny_1, uniq_eustachio,
          uniq_prince_ribbit1
D:7:      layout_gridville, mainiacjoe_overflow_alcove_2,
          mainiacjoe_overflow_swirl, amethyst_killhole, minmay_quadrilaterals
D:8:      layout_basic, okawaru_trees_2, vehumet_crystals,
          grunt_ashenzari_visionary [grunt_ashenzari_visionary_shoals,
          grunt_ashenzari_visionary_snake], lair_entry_dummy, uniq_maggie
D:9:      minmay_evil_eye, layout_rooms, worldfamousw_hep_ancestral_shrine,
          gammafunk_ghost_spectres
Temple:   nicolae_temple_slightly_damp_pantheon
Lair:1:   layout_chaotic_city, serial_bayou_pond_a, lemuel_fruit_fields

Skill      XL: |  1  2  3  4  5  6  7  8  9 10 11 |
---------------+----------------------------------+-----
Invocations    | 1 2 3 4 5 6 |  6.6
Short Blades   | 1 2 3 4 5 6 |  6.0
Long Blades    | 1 2 3 4 5 6 |  6.0
Axes           | 1 2 3 4 5 6 |  6.0
Maces & Flails | 1 2 3 4 5 6 |  6.0
Polearms       | 1 2 3 4 5 6 |  6.0
Staves         | 1 2 3 4 5 6 |  6.0
Ranged Weapons | 1 2 3 4 5 6 |  6.0
Stealth        | 1 2 3 4 5 6 |  6.0
Shields        | 1 2 3 4 5 6 |  6.0
Unarmed Combat | 1 2 3 4 5 6 |  6.0
Spellcasting   | 3 4 5 6 |  6.7
Hexes          | 1 2 3 4 5 |  5.0
Summonings     | 1 2 3 4 5 |  5.0
Necromancy     | 1 2 3 4 5 |  5.0
Translocations | 1 2 3 4 5 |  5.0
Transmutations | 1 2 3 4 5 |  5.0
Fire Magic     | 1 2 3 4 5 |  5.0
Ice Magic      | 1 2 3 4 5 |  5.0
Air Magic      | 1 2 3 4 5 |  5.0
Earth Magic    | 1 2 3 4 5 |  5.0
Poison Magic   | 1 2 3 4 5 |  5.0
Shapeshifting  | 1 2 3 4 5 |  5.0
Fighting       | 3 4 5 6 |  6.6
Throwing       | 3 4 5 6 |  6.6
Armour         | 3 4 5 6 |  6.6
Evocations     | 3 4 5 6 |  6.6
Dodging        | 5 6 7 |  7.7
Conjurations   | 6 7 |  7.5

Action                     |  1- 3 |  4- 6 |  7- 9 | 10-12 || total
---------------------------+-------+-------+-------+-------++-------
  Melee: Dagger            |    22 |    77 |   198 |       ||   297
         Bite              |     2 |     7 |    58 |    38 ||   105
         Punch             |       |     4 |     6 |    10 ||    20
         Unarmed           |       |       |    20 |       ||    20
         Short sword       |       |       |   100 |   180 ||   280
         Mace              |       |       |       |    19 ||    19
  Throw: Javelin           |     1 |     4 |       |       ||     5
   Cast: Shock             |    76 |    85 |   220 |    26 ||   407
         Dazzling Flash    |       |       |     5 |    20 ||    25
         Sticky Flame      |       |       |       |     3 ||     3
  Evoke: Wand              |       |     1 |     7 |    14 ||    22
         Phial of floods   |       |       |       |     1 ||     1
    Use: Scroll            |       |       |       |     8 ||     8
   Stab: Sleeping          |       |     5 |     3 |     1 ||     9
         Invisible         |       |       |     1 |     9 ||    10
 Armour: Robe              |     5 |    18 |    10 |       ||    33
         Skin              |       |       |    21 |       ||    21
         Leather armour    |       |       |   105 |       ||   105
         Steam dragon scal |       |       |    10 |   105 ||   115
  Dodge: Dodged            |    25 |    61 |   301 |   218 ||   605

Table legend: (Time is in decaauts)
 A = Elapsed time spent in this place.
 B = Non-inter-level travel time spent in this place.
 C = Inter-level travel time spent in this place.
 D = Time resting spent in this place.
 E = Time spent auto-exploring this place.
 F = Levels seen in this place.
 G = Mean time per level.
                   A        B        C        D        E       F      G
               +--------+--------+--------+--------+--------+-----+--------+
         Total |  12510 |  12254 |    256 |    743 |   9126 |  12 | 1042.5 |
       Dungeon |  10771 |  10537 |    234 |    494 |   8073 |   9 | 1196.8 |
        Temple |    193 |    174 |     19 |      0 |    156 |   1 |  193.0 |
          Lair |    788 |    786 |      2 |    249 |    282 |   1 |  788.0 |
         Sewer |    757 |    757 |      0 |      0 |    614 |   1 |  757.0 |
               +--------+--------+--------+--------+--------+-----+--------+

Top non-repeatable levels by time:
     D:7: 1791 daAuts
     D:9: 1490 daAuts
     D:4: 1441 daAuts
     D:6: 1291 daAuts
     D:8: 1248 daAuts
     D:3: 1109 daAuts
     D:1: 1014 daAuts
  Lair:1: 788 daAuts
   Sewer: 757 daAuts
     D:2: 717 daAuts
     D:5: 666 daAuts
  Temple: 193 daAuts
